| TOP OF THE 1ST |
|
Salt Lake City Buzz batting - Pitching for Tacoma Rainiers : LHP Eddie Guardado
|
|
Pitching: LHP Eddie Guardado
|
|
|
Batting: RHB Arquimedez Pozo
|
0-0: Ball 1-0: Called Strike 1-1: SINGLE (Groundball, 34D, EV 105.0 MPH)
|
|
Batting: RHB Emil Brown
|
0-0: Ball 1-0: Called Strike 1-1: Called Strike 1-2: Foul Ball, location: 2F 1-2: Grounds into double play, 5-4-3 (Groundball, 56S, EV 90.0 MPH)
|
|
Batting: RHB Brian Johnson
|
0-0: Ground out 5-3 (Groundball, 5L, EV 98.1 MPH)
|
| Top of the 1st over - 0 runs, 1 hit, 0 errors, 0 left on base; Salt Lake City 0 - Tacoma 0 |
| BOTTOM OF THE 1ST |
|
Tacoma Rainiers batting - Pitching for Salt Lake City Buzz : RHP Hideki Irabu
|
|
Pitching: RHP Hideki Irabu
|
|
|
Batting: RHB Eric Young
|
0-0: Called Strike 0-1: Ball 1-1: Fly out, F9 (Flyball, 89M, EV 97.5 MPH)
|
|
Batting: LHB Daryl Boston
|
0-0: Fly out, F7 (Flyball, 78S, EV 86.3 MPH)
|
|
Batting: SHB Greg Norton
|
0-0: Foul Ball, location: 2F 0-1: Swinging Strike 0-2: Foul Ball, location: 2F 0-2: Strikes out swinging
|
| Bottom of the 1st over - 0 runs, 0 hits, 0 errors, 0 left on base; Salt Lake City 0 - Tacoma 0 |
| TOP OF THE 2ND |
|
Salt Lake City Buzz batting - Pitching for Tacoma Rainiers : LHP Eddie Guardado
|
|
Batting: RHB Dave Staton
|
0-0: Ball 1-0: Ball 2-0: Ball 3-0: Called Strike 3-1: Base on Balls
|
|
Batting: SHB Abraham O Nunez
|
0-0: Ball 1-0: SINGLE (Groundball, 3D, EV 93.8 MPH) Dave Staton to second
|
|
Batting: RHB Jose Oliva
|
0-0: Called Strike 0-1: Foul Ball, location: 2F 0-2: Foul Ball, location: 2F 0-2: Foul Ball, location: 2F 0-2: Ball 1-2: Ball 2-2: Fielders Choice at 2nd, 3-6 (Groundball, 34, EV 78.8 MPH) Dave Staton to third
|
|
Batting: RHB Charlie Greene
|
0-0: SINGLE (Groundball, 56S, EV 90.6 MPH) (infield hit) Dave Staton scores Jose Oliva to second
|
|
Batting: SHB Reggie B. Williams
|
0-0: Ball 1-0: Ball 2-0: Foul Ball, location: 2F 2-1: Called Strike 2-2: Ball 3-2: Fly out, F3 (Line Drive, 3, EV 72.5 MPH)
|
|
Batting: RHB Kimera Bartee
|
0-0: Fly out, F3 (Popup, 3S, EV 73.1 MPH)
|
| Top of the 2nd over - 1 run, 2 hits, 0 errors, 2 left on base; Salt Lake City 1 - Tacoma 0 |
| BOTTOM OF THE 2ND |
|
Tacoma Rainiers batting - Pitching for Salt Lake City Buzz : RHP Hideki Irabu
|
|
Batting: RHB Russ Davis
|
0-0: Foul Ball, location: 2F 0-1: Called Strike 0-2: Ball 1-2: Ball 2-2: Strikes out swinging
|
|
Batting: SHB Micah Franklin
|
0-0: Called Strike 0-1: SINGLE (Groundball, 34D, EV 94.4 MPH)
|
|
Batting: RHB Jose Guillen
|
0-0: Called Strike 0-1: Called Strike 0-2: Ball 1-2: Ball 2-2: Strikes out looking
|
|
Batting: LHB Mario Valdez
|
0-0: Fly out, F7 (Flyball, 78M, EV 95.0 MPH)
|
| Bottom of the 2nd over - 0 runs, 1 hit, 0 errors, 1 left on base; Salt Lake City 1 - Tacoma 0 |
| TOP OF THE 3RD |
|
Salt Lake City Buzz batting - Pitching for Tacoma Rainiers : LHP Eddie Guardado
|
|
Batting: RHB Arquimedez Pozo
|
0-0: SINGLE (Groundball, 34, EV 91.9 MPH) (infield hit)
|
|
Batting: RHB Emil Brown
|
0-0: Called Strike 0-1: Ball 1-1: SINGLE (Line Drive, 9LS, EV 110.6 MPH) Arquimedez Pozo to second Runner from 2nd tries for 3rd, SAFE, throw by RF made to third
|
|
Batting: RHB Brian Johnson
|
0-0: Foul Ball, location: 2F 0-1: Swinging Strike 0-2: Strikes out swinging
|
|
Batting: RHB Dave Staton
|
0-0: Called Strike 0-1: Foul Ball, location: 2F 0-2: Ball 1-2: Strikes out swinging Emil Brown steals 2nd base Batter strikes out.
|
|
Batting: SHB Abraham O Nunez
|
0-0: Called Strike 0-1: SINGLE (Line Drive, 34, EV 100.0 MPH) Arquimedez Pozo scores Emil Brown to third Runner from 3rd tries for Home, SAFE, no throw by RF
|
|
Batting: RHB Jose Oliva
|
0-0: Ball 1-0: Called Strike 1-1: Ball 2-1: Ball 3-1: Base on Balls Abraham O Nunez to second
|
|
Batting: RHB Charlie Greene
|
0-0: Called Strike 0-1: Foul Ball, location: 2F 0-2: Ball 1-2: Foul Ball, location: 2F 1-2: Fielders Choice at 2nd, 5-4 (Groundball, 5, EV 102.5 MPH)
|
| Top of the 3rd over - 2 runs, 3 hits, 0 errors, 2 left on base; Salt Lake City 3 - Tacoma 0 |
| BOTTOM OF THE 3RD |
|
Tacoma Rainiers batting - Pitching for Salt Lake City Buzz : RHP Hideki Irabu
|
|
Batting: SHB Jason Bates
|
0-0: Called Strike 0-1: Ball 1-1: Ball 2-1: Fly out, F8 (Flyball, 8LS, EV 85.0 MPH)
|
|
Batting: LHB Greg O'Halloran
|
0-0: Called Strike 0-1: Foul Ball, location: 2F 0-2: Ground out 4-3 (Groundball, 4M, EV 81.3 MPH)
|
|
Batting: RHB Eric Young
|
0-0: Called Strike 0-1: Ball 1-1: Ball 2-1: Foul Ball, location: 2F 2-2: Ball 3-2: Base on Balls
|
|
Batting: LHB Daryl Boston
|
0-0: Ball 1-0: Foul Ball, location: 2F 1-1: Foul Ball, location: 2F 1-2: Ball 2-2: Ball 3-2: Ground out 5-3 (Groundball, 5L, EV 83.8 MPH)
|
| Bottom of the 3rd over - 0 runs, 0 hits, 0 errors, 1 left on base; Salt Lake City 3 - Tacoma 0 |
| TOP OF THE 4TH |
|
Salt Lake City Buzz batting - Pitching for Tacoma Rainiers : LHP Eddie Guardado
|
|
Batting: SHB Reggie B. Williams
|
0-0: Called Strike 0-1: Ball 1-1: Ball 2-1: Foul Ball, location: 2F 2-2: Ball 3-2: Fly out, F7 (Flyball, 7S, EV 88.8 MPH)
|
|
Batting: RHB Kimera Bartee
|
0-0: Foul Ball, location: 2F 0-1: Swinging Strike 0-2: Strikes out swinging
|
|
Batting: RHB Arquimedez Pozo
|
0-0: Fly out, F8 (Flyball, 8RD, EV 89.4 MPH)
|
| Top of the 4th over - 0 runs, 0 hits, 0 errors, 0 left on base; Salt Lake City 3 - Tacoma 0 |
| BOTTOM OF THE 4TH |
|
Tacoma Rainiers batting - Pitching for Salt Lake City Buzz : RHP Hideki Irabu
|
|
Batting: SHB Greg Norton
|
0-0: Called Strike 0-1: Ball 1-1: Foul Ball, location: 2F 1-2: Foul Ball, location: 2F 1-2: SINGLE (Line Drive, 3L, EV 97.5 MPH)
|
|
Batting: RHB Russ Davis
|
0-0: Ball 1-0: Grounds into double play, 5-4-3 (Groundball, 56S, EV 82.5 MPH)
|
|
Batting: SHB Micah Franklin
|
0-0: Fly out, F6 (Flyball, 56D, EV 88.8 MPH)
|
| Bottom of the 4th over - 0 runs, 1 hit, 0 errors, 0 left on base; Salt Lake City 3 - Tacoma 0 |
| TOP OF THE 5TH |
|
Salt Lake City Buzz batting - Pitching for Tacoma Rainiers : LHP Eddie Guardado
|
|
Batting: RHB Emil Brown
|
0-0: Ball 1-0: Called Strike 1-1: Ball 2-1: Foul Ball, location: 2F 2-2: SINGLE (Line Drive, 89M, EV 90.6 MPH)
|
|
Batting: RHB Brian Johnson
|
0-0: Fly out, F4 (Popup, 4, EV 58.1 MPH)
|
|
Batting: RHB Dave Staton
|
0-0: Ball 1-0: Fly out, F8 (Flyball, 8RM, EV 92.5 MPH)
|
|
Batting: SHB Abraham O Nunez
|
0-0: Fly out, F9 (Flyball, 9LS, EV 81.9 MPH)
|
| Top of the 5th over - 0 runs, 1 hit, 0 errors, 1 left on base; Salt Lake City 3 - Tacoma 0 |
| BOTTOM OF THE 5TH |
|
Tacoma Rainiers batting - Pitching for Salt Lake City Buzz : RHP Hideki Irabu
|
|
Batting: RHB Jose Guillen
|
0-0: Ball 1-0: Ball 2-0: Fly out, F8 (Flyball, 8LD, EV 92.5 MPH)
|
|
Batting: LHB Mario Valdez
|
0-0: Called Strike 0-1: Ground out 6-3 (Groundball, 6, EV 86.3 MPH)
|
|
Batting: SHB Jason Bates
|
0-0: Foul Ball, location: 2F 0-1: Ball 1-1: Swinging Strike 1-2: Foul Ball, location: 2F 1-2: Foul Ball, location: 2F 1-2: Ball 2-2: Foul Ball, location: 2F 2-2: Ball 3-2: Foul Ball, location: 2F 3-2: Foul Ball, location: 2F 3-2: Foul Ball, location: 2F 3-2: Base on Balls
|
|
Batting: LHB Greg O'Halloran
|
0-0: Foul Ball, location: 2F 0-1: SINGLE (Flyball, 7S, EV 84.4 MPH) Jason Bates to second
|
|
Batting: RHB Eric Young
|
0-0: Called Strike 0-1: Foul Ball, location: 2F 0-2: Ball 1-2: Foul Ball, location: 2F 1-2: Ball 2-2: SINGLE (Groundball, 4MD, EV 106.9 MPH) Jason Bates to third Greg O'Halloran to second Runner from 3rd tries for Home, SAFE, throw by CF to home
|
|
Batting: LHB Daryl Boston
|
0-0: Called Strike 0-1: Called Strike 0-2: Fly out, F9 (Flyball, 9S, EV 90.6 MPH)
|
| Bottom of the 5th over - 1 run, 2 hits, 0 errors, 2 left on base; Salt Lake City 3 - Tacoma 1 |
| TOP OF THE 6TH |
|
Salt Lake City Buzz batting - Pitching for Tacoma Rainiers : LHP Eddie Guardado
|
|
Pitching: LHP Jeff Wallace
|
|
|
Batting: RHB Jose Oliva
|
0-0: Ball 1-0: Foul Ball, location: 2F 1-1: Ball 2-1: Swinging Strike 2-2: Foul Ball, location: 2F 2-2: Foul Ball, location: 2F 2-2: Ball 3-2: Base on Balls
|
|
Pitching: RHP Carlos Reyes
|
|
|
Batting: RHB Charlie Greene
|
0-0: Called Strike 0-1: Fielders Choice at 2nd, 4-6 (Groundball, 4M, EV 100.6 MPH)
|
|
Pitching: RHP Tavo Alvarez
|
|
|
Batting: SHB Reggie B. Williams
|
0-0: Called Strike 0-1: Ball 1-1: Ball 2-1: Ball 3-1: Foul Ball, location: 2F 3-2: Foul Ball, location: 2F 3-2: Strikes out swinging
|
|
Batting: RHB Kimera Bartee
|
0-0: Fly out, F8 (Line Drive, 8RM, EV 85.6 MPH)
|
| Top of the 6th over - 0 runs, 0 hits, 0 errors, 1 left on base; Salt Lake City 3 - Tacoma 1 |
| BOTTOM OF THE 6TH |
|
Tacoma Rainiers batting - Pitching for Salt Lake City Buzz : RHP Hideki Irabu
|
|
Batting: SHB Greg Norton
|
0-0: Ball 1-0: Called Strike 1-1: Ball 2-1: Called Strike 2-2: DOUBLE (Flyball, 8RXD, EV 89.4 MPH)
|
|
Batting: RHB Russ Davis
|
0-0: Ball 1-0: Foul Ball, location: 2F 1-1: Ball Wild Pitch! Greg Norton to third 2-1: Foul Ball, location: 2F 2-2: Ball 3-2: SINGLE (Flyball, 9LS, EV 88.1 MPH) Greg Norton scores
|
|
Batting: SHB Micah Franklin
|
0-0: Ball 1-0: Ball 2-0: Fielders Choice at 2nd, 1-4 (Groundball, 15S, EV 66.3 MPH)
|
|
Batting: RHB Jose Guillen
|
0-0: Called Strike 0-1: Foul Ball, location: 2F 0-2: Strikes out swinging
|
|
Batting: LHB Mario Valdez
|
0-0: SINGLE (Groundball, 4MD, EV 100.6 MPH) Micah Franklin to second Runner from 2nd tries for 3rd, SAFE, no throw by CF
|
|
Batting: SHB Jason Bates
|
0-0: Fielders Choice at 2nd, U6 (Groundball, 6M, EV 78.1 MPH)
|
| Bottom of the 6th over - 1 run, 3 hits, 0 errors, 2 left on base; Salt Lake City 3 - Tacoma 2 |
| TOP OF THE 7TH |
|
Salt Lake City Buzz batting - Pitching for Tacoma Rainiers : RHP Tavo Alvarez
|
|
Batting: RHB Arquimedez Pozo
|
0-0: Ball 1-0: SINGLE (Groundball, 34D, EV 101.9 MPH)
|
|
Batting: RHB Emil Brown
|
0-0: Ball Arquimedez Pozo is caught stealing 2nd base 2-4 1-0: Ground out 5-3 (Groundball, 56, EV 89.4 MPH)
|
|
Batting: RHB Brian Johnson
|
0-0: Swinging Strike 0-1: Foul Ball, location: 2F 0-2: Foul Ball, location: 2F 0-2: Ball 1-2: Ball 2-2: Strikes out swinging
|
| Top of the 7th over - 0 runs, 1 hit, 0 errors, 0 left on base; Salt Lake City 3 - Tacoma 2 |
| BOTTOM OF THE 7TH |
|
Tacoma Rainiers batting - Pitching for Salt Lake City Buzz : RHP Hideki Irabu
|
|
Batting: LHB Greg O'Halloran
|
0-0: Ball 1-0: Foul Ball, location: 2F 1-1: SINGLE (Flyball, 8LS, EV 84.4 MPH)
|
|
Batting: RHB Eric Young
|
0-0: Ball 1-0: Ball 2-0: Swinging Strike 2-1: Swinging Strike 2-2: Strikes out swinging
|
|
Batting: LHB Daryl Boston
|
0-0: Called Strike 0-1: Ball 1-1: Called Strike 1-2: Strikes out swinging
|
|
Batting: SHB Greg Norton
|
0-0: Foul Ball, location: 2F 0-1: Called Strike 0-2: Ball 1-2: Ball 2-2: Strikes out swinging
|
| Bottom of the 7th over - 0 runs, 1 hit, 0 errors, 1 left on base; Salt Lake City 3 - Tacoma 2 |
| TOP OF THE 8TH |
|
Salt Lake City Buzz batting - Pitching for Tacoma Rainiers : RHP Tavo Alvarez
|
|
Batting: RHB Dave Staton
|
0-0: Called Strike 0-1: Foul Ball, location: 2F 0-2: Strikes out swinging
|
|
Batting: SHB Abraham O Nunez
|
0-0: Foul Ball, location: 2F 0-1: Swinging Strike 0-2: Ball 1-2: Foul Ball, location: 2F 1-2: Ball 2-2: Ball 3-2: Foul Ball, location: 2F 3-2: Reached on error, E3 (Groundball, 3, EV 87.5 MPH)
|
|
Batting: RHB Jose Oliva
|
0-0: Ball 1-0: Called Strike 1-1: Ball 2-1: 2-RUN HOME RUN (Flyball, 7LD, EV 102.5 MPH), Distance : 353 ft
|
|
Batting: RHB Charlie Greene
|
0-0: Ball 1-0: Swinging Strike 1-1: Swinging Strike 1-2: Ball 2-2: Ball 3-2: Foul Ball, location: 2F 3-2: Foul Ball, location: 2F 3-2: Foul Ball, location: 2F 3-2: Foul Ball, location: 2F 3-2: Base on Balls
|
|
Batting: SHB Reggie B. Williams
|
0-0: Ball 1-0: Foul Ball, location: 2F 1-1: Foul Ball, location: 2F 1-2: Ball 2-2: Foul Ball, location: 2F 2-2: Ball 3-2: Foul Ball, location: 2F 3-2: Fielders Choice at 2nd, 4-6 (Groundball, 4, EV 87.5 MPH)
|
|
Batting: RHB Kimera Bartee
|
0-0: Called Strike 0-1: Ball 1-1: SINGLE (Line Drive, 6M, EV 109.4 MPH) Reggie B. Williams to second
|
|
Batting: RHB Arquimedez Pozo
|
0-0: Ball 1-0: Fly out, F5 (Popup, 56S, EV 77.5 MPH)
|
| Top of the 8th over - 2 runs, 2 hits, 1 error, 2 left on base; Salt Lake City 5 - Tacoma 2 |
| BOTTOM OF THE 8TH |
|
Tacoma Rainiers batting - Pitching for Salt Lake City Buzz : RHP Hideki Irabu
|
|
Batting: RHB Russ Davis
|
0-0: Called Strike 0-1: Fly out, F9 (Flyball, 9D, EV 80.0 MPH)
|
|
Batting: SHB Micah Franklin
|
0-0: Foul Ball, location: 2F 0-1: Called Strike 0-2: Ground out 5-3 (Groundball, 56S, EV 78.1 MPH)
|
|
Batting: RHB Jose Guillen
|
0-0: Ball 1-0: Swinging Strike 1-1: Ball 2-1: Fly out, F9 (Line Drive, 9S, EV 99.4 MPH)
|
| Bottom of the 8th over - 0 runs, 0 hits, 0 errors, 0 left on base; Salt Lake City 5 - Tacoma 2 |
| TOP OF THE 9TH |
|
Salt Lake City Buzz batting - Pitching for Tacoma Rainiers : RHP Tavo Alvarez
|
|
Batting: RHB Emil Brown
|
0-0: Swinging Strike 0-1: Swinging Strike 0-2: Fly out, F9 (Flyball, 9, EV 81.9 MPH)
|
|
Batting: RHB Brian Johnson
|
0-0: Ground out 5-3 (Groundball, 5, EV 84.4 MPH)
|
|
Batting: RHB Dave Staton
|
0-0: Called Strike 0-1: Ball 1-1: Swinging Strike 1-2: Foul Ball, location: 2F 1-2: SINGLE (Flyball, 8RS, EV 93.8 MPH)
|
|
Pitching: RHP Brad Rigby
|
|
|
Batting: SHB Abraham O Nunez
|
0-0: Ball 1-0: Foul Ball, location: 2F 1-1: Ground out 4-3 (Groundball, 4, EV 99.4 MPH)
|
| Top of the 9th over - 0 runs, 1 hit, 0 errors, 1 left on base; Salt Lake City 5 - Tacoma 2 |
| BOTTOM OF THE 9TH |
|
Tacoma Rainiers batting - Pitching for Salt Lake City Buzz : RHP Hideki Irabu
|
|
Pitching: LHP Paul Spoljaric
|
|
|
Now at 3B: Shane Andrews
|
|
|
Batting: LHB Mario Valdez
|
0-0: Foul Ball, location: 2F 0-1: Ball 1-1: Swinging Strike 1-2: Strikes out swinging
|
|
Batting: SHB Jason Bates
|
0-0: Ball 1-0: Swinging Strike 1-1: Ball 2-1: Foul Ball, location: 2F 2-2: Ball 3-2: Foul Ball, location: 2F 3-2: Foul Ball, location: 2F 3-2: Strikes out swinging
|
|
Batting: LHB Greg O'Halloran
|
0-0: Ball 1-0: Called Strike 1-1: Called Strike 1-2: Foul Ball, location: 2F 1-2: Strikes out swinging
|
| Bottom of the 9th over - 0 runs, 0 hits, 0 errors, 0 left on base; Salt Lake City 5 - Tacoma 2 |
|